 Dungeon Crawl Stone Soup version 0.31-a0-948-gf5be29c462 (webtiles) character file.

Game seed: 4969217589520836719

721 Bnni the Skirmisher (level 7, -1/42 HPs)
             Began as a Deep Elf Hunter on Oct 21, 2023.
             Was an Initiate of Fedhas.
             Slain by a lemure (5 damage)
             ... led by Pikel
             ... on level 5 of the Dungeon.
             The game lasted 00:04:46 (4231 turns).

Bnni the Skirmisher (Deep Elf Hunter)               Turns: 4231, Time: 00:04:46

Health: -1/42      AC:  3    Str:  8    XL:     7   Next: 43%
Magic:  11/11      EV: 12    Int: 20    God:    Fedhas [......]
Gold:   325        SH:  0    Dex: 20    Spells: 6/6 levels left

rFire   . . .        a - +0 shortbow
rCold   . . .        (shield currently unavailable)
rNeg    . . .        c - +0 leather armour
rPois   .            (no helmet)
rElec   .            (no cloak)
rCorr   .            (no gloves)
SInv    .            (no boots)
Will    +....        (no amulet)
Stlth   ++           n - +6 ring of intelligence
HPRegen 0.27/turn    i - ring of willpower
MPRegen 0.12/turn

%: no passive effects
@: no status effects
A: no striking features
a: Renounce Religion


You were on level 5 of the Dungeon.
You worshipped Fedhas.
Fedhas was noncommittal.
You visited 2 branches of the dungeon, and saw 7 of its levels.

You collected 325 gold pieces.

Inventory:

Hand Weapons
 a - a +0 shortbow (weapon)
Missiles
 r - 3 poisoned darts
Armour
 c - a +0 leather armour (worn)
Jewellery
 i - a ring of willpower (right hand)
 n - a +6 ring of intelligence (left hand)
Wands
 q - a wand of flame (2)
Scrolls
 b - a scroll of butterflies
 d - a scroll of noise {unknown}
 f - 3 scrolls of revelation {unknown}
 g - a scroll of brand weapon {unknown}
 l - 2 scrolls of enchant weapon {unknown}
 m - a scroll of fog
 o - a scroll of enchant armour {unknown}
 p - a scroll of amnesia {unknown}
 u - a scroll of blinking
Potions
 e - a potion of magic
 h - a potion of curing {unknown}
 j - 2 potions of attraction
 s - a potion of degeneration {unknown}
 t - a potion of brilliance {unknown}


   Skills:
 + Level 3.9 Fighting
 * Level 9.8 Ranged Weapons
 - Level 2.4 Dodging
 - Level 1.2 Stealth
 + Level 2.8 Invocations


You had 6 spell levels left.
You didn't know any spells.
Your spell library contained the following spells:

 Spells                   Type           Power      Damage    Failure   Level
 Magic Dart               Conj           0%         1d3       28%         1
 Call Imp                 Summ           0%         N/A       38%         2
 Mephitic Cloud           Conj/Pois/Air  0%         N/A       63%         3
 Chain Lightning          Conj/Air       0%         N/A       100%        9
 Fire Storm               Conj/Fire      0%         5d1       100%        9
 Shatter                  Erth           0%         3d5*      100%        9


Dungeon Overview and Level Annotations

Branches:
Dungeon (6/15)             Temple (1/1) D:4

Altars:
Ashenzari
Cheibriados
Dithmenos
Elyvilon
Fedhas
Hepliaklqana
Kikubaaqudgha
Makhleb
Nemelex Xobeh
Okawaru
Qazlal
Ru
Sif Muna
Trog
Uskayaw
Vehumet
Wu Jian
Xom
Yredelemnul
The Shining One

Annotations:
D:6 Pikel


Message History

You shoot an arrow. The arrow closely misses the lemure.
The lemure hits you.
* * * LOW HITPOINT WARNING * * *
Unknown command.
The lemure attacks as it pursues you! The lemure closely misses you.
You feel much better. The lemure barely misses you.
You shoot an arrow. The arrow hits the lemure!
The lemure is moderately wounded.
The lemure hits you.
* * * LOW HITPOINT WARNING * * *
You shoot an arrow. The arrow closely misses the lemure.
You shoot an arrow.
The arrow hits the lemure but does no damage.
The lemure is moderately wounded.
The lemure closely misses you.
You shoot an arrow. The arrow closely misses the lemure.
The lemure closely misses you.
You shoot an arrow. The arrow misses the lemure.
The lemure hits you but does no damage.
You shoot an arrow.
The arrow hits the lemure but does no damage.
The lemure is moderately wounded.
The lemure hits you.
* * * LOW HITPOINT WARNING * * *
You shoot an arrow. The arrow closely misses the lemure.
The lemure hits you!
* * * LOW HITPOINT WARNING * * *
Unknown command.
You feel much better. The lemure hits you!
Okay, then.
You shoot an arrow. The arrow barely misses the lemure.
The lemure hits you.
* * * LOW HITPOINT WARNING * * *
You shoot an arrow. The arrow barely misses the lemure.
The lemure misses you.
You shoot an arrow. The arrow barely misses the lemure.
The lemure hits you.
* * * LOW HITPOINT WARNING * * *
You shoot an arrow. The arrow closely misses the lemure.
The lemure barely misses you.
You shoot an arrow. The arrow closely misses the lemure.
The lemure hits you.
* * * LOW HITPOINT WARNING * * *
You shoot an arrow. The arrow closely misses the lemure.
The lemure hits you.
You die...
Fedhas appreciates your contribution to the ecosystem.

..##
#..###.......# ###
##..#........# #
##..........#
##..........#
##...........#
##............#
##.............#
##..............#
#...@...........#
#..>5..........###
##.............#.#
###............##
### ####.........#
####.# ###.......#
###...)# ###.##.##
##......# ####.#
##.......## #.##


You could see a lemure.

Vanquished Creatures
  2 ice beasts
  An ogre (D:5)
  3 phantoms
  A bullfrog (D:6)
  A hound (D:6)
  2 iguanas
  4 adders
  2 ufetubi (D:5)
  2 worms (D:2)
  2 dart slugs
  4 orcs (D:4)
  3 ball pythons
  4 bats
  4 endoplasms
  A giant cockroach (D:3)
  3 hobgoblins
  3 jackals (D:2)
  3 kobolds
  2 quokkas
  A goblin (D:1)
  3 rats
51 creatures vanquished.

Vanquished Creatures (others)
  A sleepcap (D:6)
1 creature vanquished.

Grand Total: 52 creatures vanquished

Notes
Turn   | Place    | Note
-------+----------+-------------------------------------------
     0 | D:1      | Bnni the Deep Elf Hunter began the quest for the Orb.
     0 | D:1      | Reached XP level 1. HP: 12/12 MP: 3/3
   140 | D:1      | Reached XP level 2. HP: 17/17 MP: 4/4
   205 | D:1      | Found a faded altar of an unknown god.
   989 | D:2      | Reached skill level 6 in Ranged Weapons
  1210 | D:2      | Reached XP level 3. HP: 21/21 MP: 5/5
  1625 | D:3      | You fall into a shaft and drop 2 floors!
  1625 | D:5      | Entered Level 5 of the Dungeon
  1675 | D:5      | Noticed an ogre
  1685 | D:5      | HP: 1/21 [ogre/+0 giant club (20)]
  1688 | D:5      | Killed an ogre
  1689 | D:5      | Reached skill level 7 in Ranged Weapons
  1689 | D:5      | Reached XP level 4. HP: 3/27 MP: 6/6
  1874 | D:4      | Noticed a phantom
  1885 | D:4      | Killed a phantom
  1886 | D:4      | Reached skill level 8 in Ranged Weapons
  1886 | D:4      | Reached XP level 5. HP: 24/32 MP: 7/7
  2169 | D:4      | Found a staircase to the Ecumenical Temple.
  2187 | Temple   | Entered the Ecumenical Temple
  2210 | Temple   | Became a worshipper of Fedhas Madash
  2766 | D:5      | Reached XP level 6. HP: 30/37 MP: 8/8
  2965 | D:5      | Noticed an ice beast
  2977 | D:5      | Killed an ice beast
  2978 | D:5      | Reached skill level 1 in Invocations
  3397 | D:5      | Reached skill level 9 in Ranged Weapons
  3588 | D:6      | Noticed Pikel
  3891 | D:6      | Reached XP level 7. HP: 30/42 MP: 10/10
  4231 | D:5      | Slain by a lemure

Illustrated notes

Levels and vault maps discovered:
D:1:      spicycebolla_green_bress_n_ham_2, layout_basic,
          shapermc_ecumenical_altar_totnotflames, nrook_campfire, minivault_25,
          minivault_11
D:2:      layout_loops_cross
D:3:      layout_loops_ring, nicolae_half_adder
D:4:      layout_basic, temple_fountains, kennysheep_generic_room_6
D:5:      layout_cave_pods
D:6:      layout_loops_corners, nicolae_benzene_ring, kennysheep_nondescript,
          st_stairs_3, uniq_pikel
Temple:   mainiacjoe_temple_big_plus

Skill      XL: |  1  2  3  4  5  6 |
---------------+-------------------+-----
Fighting       | 2 3 |  3.9
Ranged Weapons | 6 7 8 9 |  9.8
Invocations    | 2 |  2.8
Dodging        | |  2.4
Stealth        | |  1.2

Action                     |  1- 3 |  4- 6 |  7- 9 || total
---------------------------+-------+-------+-------++-------
   Fire: Shortbow          |    89 |   100 |    50 ||   239
  Evoke: Wand              |       |     3 |       ||     3
    Use: Scroll            |       |     5 |       ||     5
         Potion            |       |       |     2 ||     2
 Armour: Leather armour    |     9 |    32 |    26 ||    67
  Dodge: Dodged            |    19 |    33 |    35 ||    87

Table legend: (Time is in decaauts)
 A = Elapsed time spent in this place.
 B = Non-inter-level travel time spent in this place.
 C = Inter-level travel time spent in this place.
 D = Time resting spent in this place.
 E = Time spent auto-exploring this place.
 F = Levels seen in this place.
 G = Mean time per level.
                   A        B        C        D        E       F      G
               +--------+--------+--------+--------+--------+-----+--------+
         Total |   4247 |   3988 |    259 |    278 |   3180 |   7 |  606.7 |
       Dungeon |   4202 |   3986 |    216 |    278 |   3180 |   6 |  700.3 |
        Temple |     45 |      2 |     43 |      0 |      0 |   1 |   45.0 |
               +--------+--------+--------+--------+--------+-----+--------+

Top non-repeatable levels by time:
     D:5: 1294 daAuts
     D:1: 946 daAuts
     D:4: 727 daAuts
     D:2: 612 daAuts
     D:6: 544 daAuts
     D:3: 77 daAuts
  Temple: 45 daAuts
